[Event "Titled Tuesday Blitz December 20 Early 2022"]
[White "Cuajada_Zero"]
[Black "Jalapeno_Tractor_Schuppen"]
[WhiteElo "2413"]
[BlackElo "2631"]
[Result "0-1"]
[Round "03"]
[TimeControl "180+2"]
[Date "2022.12.20"]
[WhiteClock "0:00:03"]
[BlackClock "0:01:55"]

1. d4 Nf6 2. Nf3 g6 3. Nbd2 Bg7 4. e4 O-O 5. c3 d6 6. Bd3 e5 7. h3 Nc6 8. O-O h6 9. Re1 g5 10. dxe5 dxe5 11. Nc4 Nh5 12. Bf1 Qxd1 13. Rxd1 Be6 14. Ne3 Rfd8 15. Nd5 Rd7 16. Be3 Rad8 17. c4 Nf4 18. a3 Kh8 19. Kh2 f5 20. Nd2 Nd4 21. f3 c6 22. Nc3 Nc2 23. Bxf4 exf4 24. Nb3 Nxa1 25. Rxd7 Rxd7 26. Nxa1 Bxc3 27. bxc3 Rd1 28. exf5 Bxf5 0-1


[Site "https://www.chess.com"]

[Event "Titled Tuesday Blitz December 20 Early 2022"]
[White "De Firmian, Nick"]
[Black "UnknownMagician"]
[WhiteFideId "2000105"]
[WhiteElo "2460"]
[BlackElo "2635"]
[Result "0-1"]
[Round "03"]
[TimeControl "180+2"]
[Date "2022.12.20"]
[WhiteClock "0:00:07"]
[BlackClock "0:00:15"]

1. Nf3 d5 2. g3 c6 3. Bg2 Nf6 4. O-O Bf5 5. b3 e6 6. Bb2 Nbd7 7. d3 h6 8. Nbd2 Bh7 9. Re1 Bc5 10. a3 O-O 11. b4 Bb6 12. e3 a5 13. Qe2 axb4 14. axb4 Qe7 15. c3 c5 16. bxc5 Nxc5 17. Ne5 Nfd7 18. Nxd7 Qxd7 19. e4 Na4 20. Nf3 Qb5 21. Rab1 dxe4 22. dxe4 Qxe2 23. Rxe2 Rfc8 24. Ba1 Ra7 25. Ne1 Bd8 26. Ra2 Rca8 27. Rb4 Be7 28. Rd4 Bc5 29. Rd7 Bg6 30. e5 Bb1 31. Rad2 Nb6 32. Rd8+ Rxd8 33. Rxd8+ Kh7 34. Bb2 Ra2 35. Rd2 Nc4 36. Rd1 Rxb2 37. Bf1 Bxf2+ 38. Kg2 Ne3+ 39. Kf3 Nxd1 0-1


[Site "https://www.chess.com"]

[Event "Titled Tuesday Blitz December 20 Early 2022"]
[White "DefiantChair"]
[Black "Yildiz, Ayse Emek"]
[BlackFideId "6303528"]
[WhiteElo "2631"]
[BlackElo "1702"]
[Result "0-1"]
[Round "03"]
[TimeControl "180+2"]
[Date "2022.12.20"]
[WhiteClock "0:00:04"]
[BlackClock "0:00:05"]

1. e4 e5 2. Nf3 Nc6 3. Bb5 a6 4. Ba4 Nf6 5. O-O Be7 6. Re1 b5 7. Bb3 O-O 8. c3 d5 9. exd5 Nxd5 10. Nxe5 Nxe5 11. Rxe5 c6 12. d4 Bd6 13. Re1 Qh4 14. g3 Qh3 15. Re4 g5 16. Qe2 Bf5 17. Nd2 h6 18. f3 Bxe4 19. fxe4 Rae8 20. Qf2 Nb6 21. e5 Be7 22. Nf1 Kg7 23. Ne3 f5 24. Bd1 f4 25. Bg4 fxe3 26. Qxf8+ Rxf8 27. Bxh3 e2 28. Be3 Nc4 29. Bf2 Nxb2 30. Re1 Nd1 31. Rxe2 Nxc3 32. Rc2 b4 33. Bd7 Rf3 34. Bxc6 Rd3 35. Kg2 a5 36. Bd7 a4 37. Bf5 Rd1 38. Be6 Ra1 39. Bc4 Rd1 40. a3 Ne4 41. axb4 Nxf2 42. Kxf2 Rxd4 43. b5 Bc5 44. Kg2 a3 45. Ba2 Bb6 46. Kf3 Rb4 47. e6 Kf6 48. Re2 Ke7 49. Rd2 g4+ 50. Ke2 Rxb5 51. Kd3 Re5 52. Re2 Rc5 53. Ke4 Rc3 54. Kf4 h5 55. Kg5 Rc5+ 56. Kg6 Rb5 57. Re1 Rb2 58. Bd5 Rxh2 59. Ra1 Bc5 60. Rc1 Bd6 61. Rb1 Bxg3 62. Rb7+ Kd6 63. Rd7+ Kc5 64. e7 Re2 65. Kf7 Bd6 66. e8=Q Rxe8 67. Kxe8 g3 68. Ba2 h4 69. Rh7 g2 70. Rg7 Bg3 71. Rg5+ Kd4 72. Rd5+ Kc3 73. Rd1 h3 74. Bd5 Kb2 75. Rg1 Bf2 76. Bxg2 Bxg1 77. Bxh3 a2 78. Bf5 a1=Q 0-1


[Site "https://www.chess.com"]

[Event "Titled Tuesday Blitz December 20 Early 2022"]
[White "Derybas, Igor"]
[Black "Dela Cruz, Noel"]
[WhiteFideId "41846400"]
[BlackFideId "5207649"]
[WhiteElo "1490"]
[BlackElo "2241"]
[Result "0-1"]
[Round "03"]
[TimeControl "180+2"]
[Date "2022.12.20"]
[WhiteClock "0:00:02"]
[BlackClock "0:00:19"]

1. d4 f5 2. e4 fxe4 3. f3 d5 4. Nc3 Nf6 5. Bg5 Bf5 6. Nge2 exf3 7. Ng3 fxg2 8. Bxg2 Bg4 9. Qd3 c6 10. h3 Be6 11. O-O-O Na6 12. Rde1 Qd7 13. h4 Bg4 14. h5 O-O-O 15. Rh4 Nc7 16. Na4 b6 17. Bf4 e6 18. Be5 Bf5 19. Nxf5 exf5 20. Bh3 Ng4 21. Qg3 Nxe5 22. Rxe5 Bd6 23. Qd3 Bxe5 24. Bxf5 Ne6 25. dxe5 Kb8 26. Qb3 Nc5 27. Nxc5 Qxf5 28. Na6+ Kb7 29. Nc5+ Ka8 30. Qa4 Qf1+ 31. Kd2 Qf2+ 0-1


[Site "https://www.chess.com"]

[Event "Titled Tuesday Blitz December 20 Early 2022"]
[White "Dreux, Vincent"]
[Black "Husnutdinov, Damir"]
[WhiteFideId "658960"]
[BlackFideId "14200910"]
[WhiteElo "1937"]
[BlackElo "2415"]
[Result "1-0"]
[Round "03"]
[TimeControl "180+2"]
[Date "2022.12.20"]
[WhiteClock "0:01:06"]
[BlackClock "0:00:02"]

1. e4 c5 2. Nf3 Nc6 3. Bb5 g6 4. O-O Bg7 5. c3 Nf6 6. Re1 O-O 7. d4 cxd4 8. cxd4 d6 9. h3 Nd7 10. Nc3 a6 11. Bf1 b5 12. a3 Bb7 13. Be3 Rc8 14. Rc1 Na5 15. Nd2 Nb6 16. b3 Nc6 17. Nf3 b4 18. axb4 Nxb4 19. Qd2 a5 20. Bh6 Qd7 21. Bxg7 Kxg7 22. d5 f6 23. Nd4 Kg8 24. Bb5 Qc7 25. Ne6 Qb8 26. Nxf8 Rxf8 27. Qd4 Bc8 28. Na4 N6xd5 29. Bc4 e6 30. exd5 e5 31. Qb6 Qxb6 32. Nxb6 f5 33. Nxc8 Rxc8 34. Bb5 Rb8 35. Bc6 Nd3 36. Ba4 Nxe1 37. Rxe1 Rb4 38. Rd1 Kf8 39. Kf1 Ke7 40. f3 Kf6 41. Ke2 e4 42. f4 g5 43. g3 gxf4 44. gxf4 Rb7 45. Rg1 Rb8 46. Ke3 h6 47. h4 Ra8 48. h5 Rc8 49. Rg6+ Ke7 50. Rxh6 Rc3+ 51. Kd2 Rf3 52. Rh8 Rxf4 53. h6 1-0


[Site "https://www.chess.com"]

[Event "Titled Tuesday Blitz December 20 Early 2022"]
[White "Ducrest, Pierre"]
[Black "Djeno, Drago"]
[WhiteFideId "1303627"]
[BlackFideId "14400421"]
[WhiteElo "2004"]
[BlackElo "2223"]
[Result "1-0"]
[Round "03"]
[TimeControl "180+2"]
[Date "2022.12.20"]
[WhiteClock "0:00:09"]
[BlackClock "0:00:01"]

1. d4 Nf6 2. c4 e6 3. Nc3 Bb4 4. Qc2 c5 5. dxc5 Na6 6. a3 Bxc5 7. b4 Be7 8. e4 O-O 9. Bb2 d5 10. Rd1 Qc7 11. exd5 exd5 12. cxd5 Rd8 13. Qb3 Bg4 14. Be2 Rac8 15. Nf3 Bd6 16. h3 Bh5 17. O-O Re8 18. Rfe1 Ne4 19. Nb5 Qd7 20. Nxa7 Rcd8 21. Bb5 Qf5 22. Bxe8 Rxe8 23. Nb5 Bb8 24. Nbd4 Qg6 25. Qd3 f5 26. Nh4 Qf6 27. Nhxf5 Qe5 28. g3 Bg6 29. Nh4 Bh5 30. Rb1 Qxd5 31. Qb3 Bf7 32. Qxd5 Bxd5 33. Ndf5 Ba7 34. Bd4 Bxd4 35. Nxd4 Rf8 36. Rb2 g6 37. Ng2 g5 38. Ne3 Bf7 39. Ng4 Bg6 40. Rbe2 Nc3 41. Re3 Nd5 42. Re5 Nc3 43. Rxg5 Nc7 44. Ne5 Kg7 45. Nxg6 hxg6 46. Rc5 N7d5 47. Re5 1-0


[Site "https://www.chess.com"]

[Event "Titled Tuesday Blitz December 20 Early 2022"]
[White "Dzhess, Anna"]
[Black "Elbek_Jumanov"]
[WhiteFideId "34377859"]
[WhiteElo "1062"]
[BlackElo "2435"]
[Result "0-1"]
[Round "03"]
[TimeControl "180+2"]
[Date "2022.12.20"]
[WhiteClock "0:00:31"]
[BlackClock "0:00:18"]

1. e4 c5 2. Nf3 e6 3. Nc3 a6 4. d4 cxd4 5. Nxd4 d6 6. Bc4 Nf6 7. Bb3 Be7 8. f3 O-O 9. Be3 b5 10. a3 Qc7 11. g4 Nc6 12. Qd2 Nxd4 13. Bxd4 Bb7 14. O-O-O Rac8 15. h4 Nd7 16. g5 Ne5 17. Qf2 Nc4 18. Rdg1 e5 19. Be3 Nxb2 20. Kxb2 Qxc3+ 21. Ka2 d5 22. h5 a5 23. Bd2 Qc5 24. Qxc5 Bxc5 25. Bxa5 Bxg1 26. Rxg1 dxe4 27. fxe4 Bxe4 28. Kb2 g6 29. hxg6 Bxg6 30. Bc3 e4 31. Bf6 Rfe8 32. Re1 Rc6 33. Re3 Rd6 34. Kc1 Ra8 35. Kb2 Rda6 36. Be7 Re8 37. Bb4 Re5 38. Rc3 Rxg5 39. Rc8+ Kg7 40. Bf8+ Kf6 41. Re8 Kf5 42. Bb4 Rg2 43. Bc3 Kf4 44. Bd5 f5 45. Kb3 Bxe8 0-1


[Site "https://www.chess.com"]

[Event "Titled Tuesday Blitz December 20 Early 2022"]
[White "EdgePlosion"]
[Black "Patterson, Fheopatrick"]
[BlackFideId "30939364"]
[WhiteElo "2420"]
[BlackElo "1497"]
[Result "0-1"]
[Round "03"]
[TimeControl "180+2"]
[Date "2022.12.20"]
[WhiteClock "0:01:25"]
[BlackClock "0:02:23"]

1. e4 c5 2. Nf3 e6 3. g3 Nc6 4. Bg2 d6 5. O-O g6 6. c3 Bg7 7. d4 cxd4 8. cxd4 d5 9. exd5 exd5 10. Nc3 Nge7 11. Bf4 Bg4 12. Nb5 O-O 13. h3 Bxf3 14. Qxf3 a6 15. Nc3 Nxd4 16. Qd3 Ne6 17. Nxd5 Nxd5 18. Qxd5 Nxf4 19. Qxd8 Ne2+ 0-1


[Site "https://www.chess.com"]

[Event "Titled Tuesday Blitz December 20 Early 2022"]
[White "Ekat, Michael"]
[Black "jaldjald"]
[WhiteFideId "4689801"]
[WhiteElo "2051"]
[BlackElo "2386"]
[Result "0-1"]
[Round "03"]
[TimeControl "180+2"]
[Date "2022.12.20"]
[WhiteClock "0:00:04"]
[BlackClock "0:00:16"]

1. d4 d5 2. Nf3 e6 3. c4 c5 4. cxd5 exd5 5. Nc3 Nc6 6. g3 Nf6 7. Bg2 cxd4 8. Nxd4 Bc5 9. Nb3 Bb6 10. O-O d4 11. Na4 O-O 12. Nxb6 axb6 13. Bxc6 bxc6 14. Qxd4 Qc7 15. Bf4 Qb7 16. Rfc1 c5 17. Qd2 Bh3 18. f3 Rad8 19. Qe1 Rfe8 20. Bg5 Rd6 21. Bxf6 Rxf6 22. Nd2 h5 23. e4 Rd6 24. Qf2 Red8 25. Nc4 Rd4 26. Qe2 Qa6 27. b3 b5 28. Ne3 Rd2 29. Qe1 Qf6 30. Rd1 Qb2 31. Rxd2 Rxd2 32. Rd1 Rg2+ 33. Kh1 Rxh2+ 34. Kg1 Re2 35. Qa5 Rxe3 36. Qd8+ Kh7 0-1


[Site "https://www.chess.com"]

[Event "Titled Tuesday Blitz December 20 Early 2022"]
[White "FaustinoOro"]
[Black "SHIVACalypso"]
[WhiteElo "2633"]
[BlackElo "2418"]
[Result "1-0"]
[Round "03"]
[TimeControl "180+2"]
[Date "2022.12.20"]
[WhiteClock "0:00:05"]
[BlackClock "0:00:12"]

1. e4 e6 2. d4 d5 3. Nd2 f5 4. exf5 exf5 5. Ngf3 Nf6 6. Bd3 Bd6 7. O-O O-O 8. Ne5 c5 9. c3 Nc6 10. Ndf3 Qc7 11. Re1 Ne4 12. Bf4 c4 13. Bf1 h6 14. h4 Be6 15. Qc2 Bf7 16. Bh2 Bh5 17. b3 Bxf3 18. Nxf3 cxb3 19. Qxb3 Bxh2+ 20. Nxh2 Qd6 21. Rad1 Nxf2 22. Kxf2 Qxh2 23. Qxd5+ Kh7 24. Qf3 Qxh4+ 25. Kg1 f4 26. Bd3+ g6 27. Re6 Ne7 28. Qxb7 Rae8 29. Bxg6+ Kh8 30. Bxe8 f3 31. Qxe7 f2+ 32. Kf1 Qh1+ 33. Ke2 f1=Q+ 34. Rxf1 Qxf1+ 35. Kd2 Rf2+ 36. Re2 Rxe2+ 37. Qxe2 Qf3 38. Qxf3 1-0


[Site "https://www.chess.com"]

[Event "Titled Tuesday Blitz December 20 Early 2022"]
[White "Firouzja, Alireza"]
[Black "Rakhmanov_Aleksandr"]
[WhiteFideId "12573981"]
[WhiteElo "2785"]
[BlackElo "2797"]
[Result "1-0"]
[Round "03"]
[TimeControl "180+2"]
[Date "2022.12.20"]
[WhiteClock "0:00:54"]
[BlackClock "0:00:08"]

1. d4 Nf6 2. Nf3 g6 3. b3 Bg7 4. Bb2 d6 5. Nbd2 O-O 6. e4 a5 7. Bd3 a4 8. O-O Nc6 9. h3 Nb4 10. Be2 Nc6 11. d5 Nb8 12. b4 a3 13. Bd4 e5 14. Be3 Nh5 15. c4 Nf4 16. c5 f5 17. Rc1 g5 18. cxd6 cxd6 19. Nc4 fxe4 20. Nfd2 Bxh3 21. gxh3 Nxh3+ 22. Kh2 Nf4 23. Nxe4 g4 24. Rh1 Qh4+ 25. Kg1 Nh3+ 26. Kg2 h5 27. Ncxd6 Bh6 28. Qe1 Bf4 29. Rc7 Na6 30. Rxb7 Rad8 31. Rb6 Nc7 32. Bc4 Kh8 33. Rc6 Rd7 34. b5 Rg7 35. b6 Ne8 36. Nxe8 Rxe8 37. Rc7 Reg8 38. d6 g3 39. f3 Bxe3 40. Rxh3 Qxh3+ 41. Kxh3 g2 42. Rxg7 Rxg7 43. Qxe3 g1=Q 44. Qh6+ Rh7 45. Qf8+ Qg8 46. Qxg8# 1-0


[Site "https://www.chess.com"]

[Event "Titled Tuesday Blitz December 20 Early 2022"]
[White "Formento, Paolo"]
[Black "Mac Intyre, Paul"]
[WhiteFideId "861162"]
[BlackFideId "2014505"]
[WhiteElo "2327"]
[BlackElo "2246"]
[Result "0-1"]
[Round "03"]
[TimeControl "180+2"]
[Date "2022.12.20"]
[WhiteClock "0:00:13"]
[BlackClock "0:00:10"]

1. e4 g6 2. d4 Bg7 3. Nc3 c6 4. f4 d5 5. e5 f6 6. Nf3 Nh6 7. Be2 O-O 8. O-O Nf7 9. Be3 b6 10. Qd2 Na6 11. Rad1 Nc7 12. exf6 exf6 13. Bf2 Nd6 14. Bd3 Bf5 15. Rde1 Qd7 16. Re2 Rae8 17. Rfe1 Bh6 18. g3 Bg4 19. Rxe8 Rxe8 20. Rxe8+ Qxe8 21. Ne1 g5 22. Be2 Bxe2 23. Nxe2 g4 24. Ng2 Nc4 25. Qe1 Qe4 26. b3 Nd6 27. Ne3 f5 28. Qd2 Bg7 29. Nd1 Kf7 30. Nec3 Qf3 31. Ne3 Ne4 32. Nxe4 Qxe4 33. c3 Nb5 34. a4 Nd6 35. Kf1 Qb1+ 36. Kg2 Qxb3 37. Qd3 Kg6 38. Nxg4 Ne4 39. Ne3 Qxc3 40. Qa6 Qd2 41. Qc8 Qxf2+ 42. Kh3 Qxe3 43. Qe6+ Bf6 44. Qg8+ Kh6 45. Qf8+ Bg7 46. Qxf5 Nf2+ 47. Kh4 Qe7+ 48. Qg5+ Qxg5+ 49. fxg5+ Kg6 50. g4 Bxd4 51. a5 bxa5 0-1


[Site "https://www.chess.com"]

[Event "Titled Tuesday Blitz December 20 Early 2022"]
[White "GHANDEEVAM2003"]
[Black "Alibaev, Akbar"]
[BlackFideId "14200325"]
[WhiteElo "3050"]
[BlackElo "2295"]
[Result "1-0"]
[Round "03"]
[TimeControl "180+2"]
[Date "2022.12.20"]
[WhiteClock "0:00:14"]
[BlackClock "0:00:03"]

1. c4 Nf6 2. Nc3 g6 3. e4 d6 4. d4 Bg7 5. Nf3 O-O 6. Be2 e5 7. d5 a5 8. Be3 Na6 9. Nd2 Nc5 10. g4 c6 11. h4 a4 12. h5 Re8 13. g5 Nfd7 14. Qc2 Qa5 15. a3 Rb8 16. O-O-O cxd5 17. Nxd5 Ne6 18. hxg6 hxg6 19. Nf3 b5 20. cxb5 Bb7 21. Kb1 Rbc8 22. Qd2 Qd8 23. Rh4 Nf4 24. Rdh1 Nxd5 25. exd5 Nb6 26. Bxb6 Qxb6 27. Rxa4 Qxf2 28. Rf1 Qg2 29. Ra7 Re7 30. Qe3 Qh3 31. Qb6 Qd7 32. Nh2 Rb8 33. Ng4 Qe8 34. Nf6+ Bxf6 35. gxf6 Rd7 36. Qe3 Bxd5 37. Rxd7 1-0


[Site "https://www.chess.com"]

[Event "Titled Tuesday Blitz December 20 Early 2022"]
[White "GP9isback23"]
[Black "The_filthy"]
[WhiteElo "2577"]
[BlackElo "2377"]
[Result "1-0"]
[Round "03"]
[TimeControl "180+2"]
[Date "2022.12.20"]
[WhiteClock "0:00:04"]
[BlackClock "0:00:05"]

1. d4 d5 2. Nf3 e6 3. c4 Nf6 4. Nc3 a6 5. cxd5 exd5 6. Bg5 Be7 7. e3 O-O 8. Bd3 b6 9. Qc2 h6 10. Bh4 Bb7 11. O-O Nbd7 12. Rfd1 Re8 13. Rac1 c5 14. Bf5 c4 15. Ne5 b5 16. f4 Nf8 17. Re1 N6d7 18. Bxe7 Qxe7 19. Bg4 Nxe5 20. fxe5 f6 21. exf6 Qxf6 22. Bf3 Qg5 23. Qf2 Rad8 24. Nb1 Ng6 25. Nd2 b4 26. Nxc4 dxc4 27. Bxb7 Nh4 28. Rc2 Re7 29. Bxa6 Rf8 30. Bxc4+ Kh8 31. Qg3 Qf6 32. Rf2 Nf5 33. Qf3 Ree8 34. Bd3 g6 35. Bxf5 gxf5 36. Qf4 Qg6 37. Ref1 Re4 38. Qf3 Rg8 39. g3 f4 40. exf4 Qf5 41. Re2 Rge8 42. Rxe4 Rxe4 43. Kg2 Rxd4 44. Rf2 h5 45. Qa8+ Kh7 46. Qa7+ Rd7 47. Qe3 h4 48. gxh4 Rg7+ 49. Kf1 Qb1+ 50. Ke2 Qc2+ 51. Kf3 Qd1+ 52. Qe2 Qd5+ 53. Qe4+ Qxe4+ 54. Kxe4 1-0


[Site "https://www.chess.com"]

[Event "Titled Tuesday Blitz December 20 Early 2022"]
[White "Garcia Brion, Eduardo"]
[Black "Makswolf200817"]
[WhiteFideId "2223864"]
[WhiteElo "2175"]
[BlackElo "2651"]
[Result "0-1"]
[Round "03"]
[TimeControl "180+2"]
[Date "2022.12.20"]
[WhiteClock "0:00:02"]
[BlackClock "0:00:25"]

1. d4 d5 2. c4 e6 3. Nc3 c6 4. e4 dxe4 5. Nxe4 Bb4+ 6. Bd2 Qxd4 7. Bxb4 Qxe4+ 8. Be2 Na6 9. Ba5 b6 10. Bc3 f6 11. Qd6 Nh6 12. O-O-O Nf7 13. Qg3 Qg6 14. Bd3 Qxg3 15. hxg3 Nc5 16. Bxh7 Ba6 17. b3 Ng5 18. Bg6+ Ke7 19. Rh4 Rxh4 20. gxh4 Nge4 21. Bd4 f5 22. f3 Nf6 23. Ne2 Rh8 24. g3 Ncd7 25. Kd2 c5 26. Be3 Ne5 27. Nf4 Nxf3+ 28. Ke2 Ne5 29. h5 Bb7 30. Rd2 Bf3+ 31. Ke1 Bxh5 32. Nxh5 Nf3+ 33. Ke2 Nxd2 34. Nf4 Nde4 0-1


[Site "https://www.chess.com"]

[Event "Titled Tuesday Blitz December 20 Early 2022"]
[White "Gennady_Kozlov"]
[Black "Tsigelnitskiy, Ilusha"]
[BlackFideId "4132971"]
[WhiteElo "2574"]
[BlackElo "2342"]
[Result "1-0"]
[Round "03"]
[TimeControl "180+2"]
[Date "2022.12.20"]
[WhiteClock "0:01:08"]
[BlackClock "0:00:04"]

1. b3 e5 2. Bb2 Nc6 3. e3 Nf6 4. Bb5 Bd6 5. Nf3 Qe7 6. d4 exd4 7. Nxd4 Nxd4 8. Bxd4 Be5 9. O-O O-O 10. Nc3 d6 11. Bxe5 dxe5 12. Bc4 Be6 13. Bxe6 Qxe6 14. Qe2 Qc6 15. Na4 b5 16. Nb2 Rfd8 17. Rfd1 e4 18. c4 b4 19. Rd4 Rxd4 20. exd4 Qd6 21. Rd1 Re8 22. Na4 h5 23. h3 g6 24. d5 Nd7 25. Qe3 a5 26. Qa7 e3 27. fxe3 Qg3 28. d6 Ne5 29. Rf1 cxd6 30. Qd4 Re6 31. Nb6 Nc6 32. Qf4 Qxe3+ 33. Qxe3 Rxe3 34. Rd1 Re6 35. Nc8 Ne5 36. Rxd6 Rxd6 37. Nxd6 Nd3 38. Nb7 a4 39. bxa4 Nc1 40. a5 Nxa2 41. a6 b3 42. a7 b2 43. a8=Q+ Kg7 44. Qxa2 1-0


[Site "https://www.chess.com"]

[Event "Titled Tuesday Blitz December 20 Early 2022"]
[White "Giorno, Sven"]
[Black "FMalexhdez"]
[WhiteFideId "20645082"]
[WhiteElo "2517"]
[BlackElo "2290"]
[Result "1/2-1/2"]
[Round "03"]
[TimeControl "180+2"]
[Date "2022.12.20"]
[WhiteClock "0:00:18"]
[BlackClock "0:00:05"]

1. Nf3 c5 2. e4 d6 3. c3 Nf6 4. Be2 g6 5. O-O Bg7 6. Re1 O-O 7. Bf1 e5 8. d4 Nc6 9. dxc5 dxc5 10. Qc2 b6 11. Bg5 h6 12. Bxf6 Qxf6 13. Na3 Bg4 14. Be2 Rfd8 15. Nc4 Qe6 16. Ne3 h5 17. Bc4 Qe7 18. Nd5 Qb7 19. Qd3 Na5 20. Ba6 Qd7 21. Rad1 c4 22. Qe3 Bxf3 23. Nf6+ Bxf6 24. Rxd7 Rxd7 25. Qxf3 Kg7 26. Rd1 Rad8 27. Rxd7 Rxd7 28. g3 Rd2 29. b4 cxb3 30. axb3 Nxb3 31. Bc4 Nc5 32. Qe3 Rd7 33. Bd5 a5 34. c4 a4 35. Qa3 Ra7 36. h4 Be7 37. Qa2 a3 38. Kg2 Nd3 39. c5 Bxc5 40. Qb1 Nb4 41. Ba2 Nxa2 42. Qxa2 b5 43. f4 b4 44. Qd5 a2 45. Qxe5+ f6 46. Qxc5 a1=Q 47. Qxb4 Ra2+ 48. Kf3 Qf1+ 49. Ke3 Qe2+ 50. Kd4 Rd2+ 51. Kc5 Qe3+ 52. Kc6 Qd3 53. Qe7+ Kg8 54. Qe8+ Kh7 55. Qf7+ Kh6 56. Qf8+ Kh7 57. Qf7+ Kh6 58. Qf8+ Kh7 59. Qf7+ 1/2-1/2


[Site "https://www.chess.com"]

[Event "Titled Tuesday Blitz December 20 Early 2022"]
[White "GuessChess_game"]
[Black "Patricks, Anastasia"]
[BlackFideId "7101929"]
[WhiteElo "2424"]
[BlackElo "1778"]
[Result "0-1"]
[Round "03"]
[TimeControl "180+2"]
[Date "2022.12.20"]
[WhiteClock "0:00:05"]
[BlackClock "0:00:55"]

1. d4 g6 2. e4 Bg7 3. Nc3 c6 4. Nf3 d5 5. h3 dxe4 6. Nxe4 Nf6 7. Nxf6+ exf6 8. Bc4 O-O 9. O-O a5 10. c3 Na6 11. Bf4 Nc7 12. Re1 Nd5 13. Bg3 Be6 14. Bf1 Re8 15. Qd2 Qd7 16. c4 Ne7 17. Rad1 Red8 18. b3 Bf8 19. a4 Nf5 20. Qb2 Bb4 21. Re2 Nxg3 22. fxg3 Qc7 23. g4 Re8 24. g5 fxg5 25. Nxg5 Bf5 26. g4 Qf4 27. Qc1 Qxc1 28. Rxc1 Bd7 29. Ne4 Kg7 30. Nc5 Rxe2 31. Bxe2 Re8 32. Kf2 Bc8 33. Nd3 Bd2 34. Rd1 Be3+ 35. Kg2 Bxd4 36. Bf3 Re3 0-1


[Site "https://www.chess.com"]

[Event "Titled Tuesday Blitz December 20 Early 2022"]
[White "HackingKid98"]
[Black "Felix-Rose"]
[WhiteElo "2488"]
[BlackElo "2299"]
[Result "1-0"]
[Round "03"]
[TimeControl "180+2"]
[Date "2022.12.20"]
[WhiteClock "0:02:00"]
[BlackClock "0:00:01"]

1. g3 d5 2. Nf3 Nd7 3. d4 Nb6 4. Bg2 Nf6 5. O-O h6 6. Nbd2 Bf5 7. Re1 e6 8. c3 Bd6 9. Nh4 Bh7 10. e4 dxe4 11. Nxe4 Bxe4 12. Bxe4 Nxe4 13. Rxe4 O-O 14. Qe2 c5 15. Be3 Rc8 16. Rg4 Qf6 17. Rd1 Nd5 18. Bc1 cxd4 19. Rgxd4 Be5 20. R4d3 Rfd8 21. Nf3 Bb8 22. Nd4 Ne7 23. Nb5 Nc6 24. Be3 a6 25. Nd4 Ne5 26. R3d2 Ba7 27. Nc2 Rxd2 28. Bxd2 Nf3+ 29. Kg2 Nxd2 30. Rxd2 Rd8 31. Rxd8+ Qxd8 32. Nb4 a5 33. Nd3 Qd5+ 34. Qf3 Qxa2 35. Qxb7 Qd5+ 36. Qxd5 exd5 37. Kf3 a4 38. Nf4 d4 39. c4 g5 40. Nd3 1-0


[Site "https://www.chess.com"]

[Event "Titled Tuesday Blitz December 20 Early 2022"]
[White "Hanfin, Zahra Chumaira Amelia"]
[Black "Balasch Peries, Eduard"]
[WhiteFideId "7111983"]
[BlackFideId "32067372"]
[WhiteElo "2062"]
[BlackElo "1671"]
[Result "0-1"]
[Round "03"]
[TimeControl "180+2"]
[Date "2022.12.20"]
[WhiteClock "0:00:12"]
[BlackClock "0:00:39"]

1. d4 d5 2. Bf4 Nf6 3. e3 c5 4. Nf3 Nc6 5. dxc5 Qa5+ 6. Nbd2 Qxc5 7. c4 d4 8. exd4 Nxd4 9. Be3 Nxf3+ 10. Qxf3 Qc6 11. Qxc6+ bxc6 12. Be2 e5 13. Bf3 Bd7 14. O-O Bb4 15. Rfd1 O-O 16. a3 Bxd2 17. Rxd2 a5 18. Bg5 e4 19. Be2 Be6 20. Bxf6 gxf6 21. Rb1 a4 22. c5 Rfd8 23. Rbd1 Rxd2 24. Rxd2 Bd5 25. Bd1 Ra5 26. Kf1 f5 27. g3 Kg7 28. Ke2 Kf6 29. Ke3 Ke5 30. Rd4 Rxc5 31. Bxa4 Rc1 32. Rd1 Rc4 33. b3 Rc3+ 34. Kd2 Rf3 35. Rc1 Rxf2+ 36. Ke3 Rxh2 37. Bxc6 Rg2 38. Bxd5 Rxg3+ 39. Kf2 Rf3+ 40. Ke2 Kxd5 41. Rb1 Rc3 42. a4 f4 43. a5 f3+ 44. Kf2 Kc6 45. b4 Kb5 46. Re1 f5 47. Rd1 f4 48. Rd4 Rc2+ 49. Ke1 e3 50. Rxf4 Rc1# 0-1


[Site "https://www.chess.com"]

[Event "Titled Tuesday Blitz December 20 Early 2022"]
[White "Hansch, Karsten"]
[Black "Betta, Yanis"]
[WhiteFideId "24692239"]
[BlackFideId "36032972"]
[WhiteElo "2248"]
[BlackElo "2452"]
[Result "1-0"]
[Round "03"]
[TimeControl "180+2"]
[Date "2022.12.20"]
[WhiteClock "0:01:18"]
[BlackClock "0:02:34"]

1. e4 e5 2. Nf3 Nf6 3. Bc4 Bc5 4. Nxe5 O-O 5. d4 Bb6 6. Nxf7 Rxf7 7. Bxf7+ Kxf7 8. e5 Ne8 9. Qh5+ g6 10. Qxh7+ Ng7 11. c3 Nc6 12. Nd2 d5 13. Nf3 Qg8 14. Ng5+ Kf8 15. Qxg6 Ne6 16. Nh7+ Qxh7 17. Qxh7 Ne7 18. f4 Ng7 19. O-O Bf5 20. Qh8+ Ng8 21. g4 Bxg4 22. f5 c5 23. Bh6 1-0


[Site "https://www.chess.com"]

[Event "Titled Tuesday Blitz December 20 Early 2022"]
[White "Harkness, Bryan"]
[Black "Aishath, Aika"]
[WhiteFideId "444227"]
[BlackFideId "16702026"]
[WhiteElo "1935"]
[BlackElo "2770"]
[Result "0-1"]
[Round "03"]
[TimeControl "180+2"]
[Date "2022.12.20"]
[WhiteClock "0:00:22"]
[BlackClock "0:01:24"]

1. d4 d5 2. c4 c6 3. Nf3 Nf6 4. e3 Bf5 5. Nc3 e6 6. Qb3 Qb6 7. c5 Qxb3 8. axb3 Be7 9. b4 O-O 10. b5 cxb5 11. Bxb5 Nc6 12. Bxc6 bxc6 13. Ne5 Rfc8 14. Ra6 Bf8 15. Nxc6 Bd3 16. Nb4 Bxa6 17. Nxa6 Rc6 18. Nb4 Rcc8 19. Na6 Nd7 20. b4 Nb8 21. Nxb8 Raxb8 22. b5 a6 23. b6 Bxc5 24. dxc5 Rxc5 25. Bd2 Rxb6 26. O-O Rb3 27. Ne2 e5 28. h3 Rc2 29. Rc1 Rbb2 30. Ng3 Rxc1+ 31. Bxc1 Rb1 32. Ne2 d4 33. exd4 exd4 0-1


[Site "https://www.chess.com"]

[Event "Titled Tuesday Blitz December 20 Early 2022"]
[White "Hasangatin_Ramil"]
[Black "Sam_ChessMood"]
[WhiteElo "2705"]
[BlackElo "2882"]
[Result "1/2-1/2"]
[Round "03"]
[TimeControl "180+2"]
[Date "2022.12.20"]
[WhiteClock "0:00:43"]
[BlackClock "0:00:20"]

1. e4 c6 2. d4 d5 3. Nd2 dxe4 4. Nxe4 Nf6 5. Nxf6+ exf6 6. Nf3 Bd6 7. Bd3 O-O 8. O-O Bg4 9. h3 Bh5 10. Bf5 Nd7 11. Bg4 Bxg4 12. hxg4 Re8 13. c4 Nf8 14. Qd3 Ng6 15. Be3 Qd7 16. Qf5 Qxf5 17. gxf5 Ne7 18. Nh4 a5 19. Rfd1 b5 20. b3 a4 21. Rac1 g5 22. fxg6 hxg6 23. g4 axb3 24. axb3 Ra3 25. Rb1 Rb8 26. Kg2 Kg7 27. Bc1 Ra2 28. Be3 Rh8 29. Rh1 Rc2 30. Rbc1 Rxc1 31. Bxc1 Rb8 32. Be3 bxc4 33. bxc4 Rb2 34. Rc1 Kf8 35. Ra1 Ke8 36. Ra8+ Rb8 37. Rxb8+ Bxb8 38. Kf3 Kd7 39. Ke4 Ke6 40. f4 f5+ 41. gxf5+ gxf5+ 42. Kf3 Nc8 43. Ke2 Nd6 44. Kd3 Ne4 45. Nf3 f6 46. Nd2 Ng3 47. Nb3 Nh5 48. Nc5+ Ke7 49. d5 cxd5 50. cxd5 Bxf4 51. Bxf4 Nxf4+ 52. Kd4 Ng6 53. Nb7 Ne5 54. Ke3 Nc4+ 55. Kf4 Nd6 56. Nxd6 Kxd6 57. Kxf5 Kxd5 58. Kxf6 1/2-1/2


[Site "https://www.chess.com"]

[Event "Titled Tuesday Blitz December 20 Early 2022"]
[White "HashtagChess"]
[Black "Ong, Chong Ghee"]
[BlackFideId "5800145"]
[WhiteElo "1812"]
[BlackElo "2307"]
[Result "0-1"]
[Round "03"]
[TimeControl "180+2"]
[Date "2022.12.20"]
[WhiteClock "0:00:05"]
[BlackClock "0:02:00"]

1. e4 e6 2. d4 d5 3. e5 c5 4. c3 Bd7 5. Nf3 Qb6 6. Bd3 Bb5 7. a4 Bxd3 8. Qxd3 Nc6 9. O-O Rc8 10. Na3 cxd4 11. cxd4 a6 12. Rb1 Nge7 13. Bg5 Nf5 14. Rfc1 Bb4 15. Nc2 O-O 16. Nxb4 Qxb4 17. Qd2 Qxd2 18. Bxd2 Ncxd4 19. Nxd4 Nxd4 20. Rxc8 Rxc8 21. Be3 Nb3 22. Kf1 Rc4 23. f4 g6 24. g3 Rxa4 25. Rd1 Ra1 26. Rxa1 Nxa1 27. Bb6 Kf8 28. Ke2 Nc2 29. Kd3 Nb4+ 30. Kc3 Nc6 31. Bc5+ Ke8 32. b4 h5 33. Kd3 Kd7 34. Kc3 Kc7 35. Bd6+ Kb6 36. Bc5+ Kb5 37. h3 a5 0-1


[Site "https://www.chess.com"]